AoeStats
← Polar_Op

Arabia

510329750Analyzed
2v2 RM · 2d ago on Sep 30, 2026· 31m 56s· 4 players
Game mode
Random Map
Map size
Medium (4 player)
Population
200
Speed
Normal
Resources
Standard
Victory
Conquest
Starting age
Dark Age
Ending age
Imperial Age
RankedLock teamsTeams togetherTeam positionsShared explorationLock speedFull tech treeHidden civsTurbo modeCheats
Victory
Defeat
🇹🇷 Celts · Türkiye
942
+19
🇩🇪 Aztecs · Germany
903
+21
🇦🇺 Koreans · Australia
1000
-62
🇦🇺 Poles · Australia
1000
-62
Denver18780
6:52 Loom
10:15 Feudal Age
12:22 Wheelbarrow
13:14 Horse Collar
15:15 Scale Mail Armor
18:06 Gold Mining
21:45 Castle Age
19:58 Forging
20:11 Double-Bit Axe
20:19 Gold Mining
20:36 Arson
22:41 Chain Mail Armor
22:30 Squires
21:51 Eagle Warrior
22:38 Heavy Plow
25:06 Iron Casting
25:08 Hand Cart
27:53 Town Watch
31:22 Gold Shaft Mining
31:00 Bow Saw
34:20 Imperial Age
batuhan
7:37 Loom
11:28 Feudal Age
13:36 Double-Bit Axe
14:33 Double-Bit Axe
16:51 Castle Age
16:13 Gold Mining
16:04 Horse Collar
17:44 Man-at-Arms
18:11 Gambesons
32:21 Imperial Age
Polar_Op
12:10 Feudal Age
12:39 Horse Collar
16:22 Loom
17:14 Wheelbarrow
19:09 Gold Mining
19:07 Double-Bit Axe
19:38 Fletching
24:30 Castle Age
26:48 Hand Cart
26:08 Crossbowman
Jihad Herbie
12:56 Feudal Age
15:53 Loom
23:13 Wheelbarrow
24:37 Bloodlines
Connection lost

Rejoining the realm…

Still unreachable

The connection could not be restored.

Session expired

The server has moved on; the page needs a fresh start.